 Dungeon Crawl Stone Soup version 0.25.1-1-g288607f5aa (webtiles) character file.

Game seed: 3962708689293736826

1329 Delamore the Basher (level 8, 0/46 HPs)
             Began as a Gargoyle Fighter on July 21, 2020.
             Was a Follower of Okawaru.
             Slain by a troll (8 damage)
             ... on level 6 of the Dungeon.
             The game lasted 00:05:04 (4485 turns).

Delamore the Basher (Gargoyle Fighter)              Turns: 4485, Time: 00:05:05

Health: 0/46       AC: 17    Str: 23    XL:     8   Next: 60%
Magic:  8/8        EV:  5    Int:  8    God:    Okawaru [*.....]
Gold:   208        SH:  9    Dex:  9    Spells: 7/7 levels left

rFire    . . .     SeeInvis .   v - +0 flail (vorpal)
rCold    . . .     Gourm    .   c - +0 kite shield
rNeg     + . .     Faith    .   n - +0 chain mail
rPois    ∞         Spirit   .   r - +0 helmet
rElec    +         Reflect  .   (no cloak)
rCorr    .         Harm     .   y - +0 pair of gloves
MR       .....                  (no boots)
Stlth    ..........             i - amulet of regeneration
HPRegen  0.55/turn              E - ring of stealth
MPRegen  0.11/turn              (no ring)

@: no status effects
A: negative energy resistance 1, electricity resistance, unbreathing,
petrification resistance, rot immunity, AC +5
a: Heroism, Renounce Religion


You were on level 6 of the Dungeon.
You worshipped Okawaru.
Okawaru was aware of your devotion.
You were not hungry.

You visited 2 branches of the dungeon, and saw 7 of its levels.
You also visited: Sewer.

You collected 208 gold pieces.

Inventory:

Hand Weapons
 a - a +0 flail
 g - a +1 flail of protection
 v - a +0 vorpal flail (weapon)
Missiles
 j - a curare-tipped dart (quivered)
Armour
 b - a +0 scale mail
 c - a +0 kite shield (worn)
 n - a +0 chain mail (worn)
 r - a +0 helmet (worn)
 y - a +0 pair of gloves (worn)
Jewellery
 i - an amulet of regeneration (around neck)
 E - a ring of stealth (left hand)
Wands
 D - a wand of polymorph (6)
Scrolls
 d - a scroll of remove curse {unknown}
 e - 5 scrolls of teleportation {unknown}
 k - 2 scrolls of magic mapping {unknown}
 p - a scroll of immolation {unknown}
 u - 3 scrolls of noise {unknown}
 w - a scroll of enchant weapon {unknown}
 x - a scroll of enchant armour {unknown}
 z - a scroll of random uselessness {unknown}
 A - a scroll of fog {unknown}
 B - 4 scrolls of identify {unknown}
 F - a scroll of blinking {unknown}
 H - a scroll of silence {unknown}
Potions
 h - 2 potions of degeneration {unknown}
 l - a potion of stabbing {unknown}
 m - a potion of haste {unknown}
 o - 4 potions of curing {unknown}
 q - a potion of ambrosia {unknown}
 s - 3 potions of heal wounds {unknown}
 t - 2 potions of invisibility {unknown}
 C - a potion of magic {unknown}
Comestibles
 f - 12 rations
 G - a chunk of flesh


   Skills:
 - Level 3.2 Fighting
 + Level 10.3 Maces & Flails
 - Level 3.2 Armour
 - Level 3.2 Shields


You had 7 spell levels left.
You didn't know any spells.
Your spell library contained the following spells:

 Spells                   Type           Power        Failure   Level  Hunger
 Summon Small Mammal      Summ           #...         100%        1    ##.....
 Call Imp                 Summ           #.......     100%        2    ###....
 Call Canine Familiar     Summ           #.......     100%        3    ####...
 Summon Guardian Golem    Hex/Summ       #.......     100%        3    ####...
 Summon Ice Beast         Ice/Summ       #.......     100%        4    #####..
 Summon Lightning Spire   Summ/Air       #.......     100%        4    #####..


Dungeon Overview and Level Annotations

Branches:
Dungeon (6/15)             Temple (1/1) D:4           Sewer (visited)

Altars:
Ashenzari
Cheibriados
Dithmenos
Elyvilon
Fedhas
Gozag
Hepliaklqana
Kikubaaqudgha
Nemelex Xobeh
Okawaru
Qazlal
Ru
Sif Muna
Trog
Uskayaw
Vehumet
Wu Jian
Xom
Yredelemnul
Zin
The Shining One


Innate Abilities, Weirdness & Mutations

You are resistant to torment.
Your stone body is resilient. (AC +5)
You are immune to poison.
You resist negative energy. (rN+)
You are resistant to electric shocks. (rElec)
You can survive without breathing.
You are immune to petrification.
You are immune to rotting.


Message History

You are too injured to fight recklessly!
You are too injured to fight recklessly!
You are too injured to fight recklessly!
You are too injured to fight recklessly!
You closely miss the troll.
The troll is lightly wounded.
The troll barely misses you. The troll claws you. You block the troll's attack.
You hit the troll.
The troll is moderately wounded.
You block the troll's attack. The troll claws you.
The troll claws you but does no damage.
You closely miss the troll.
The troll is moderately wounded.
The troll bites you!
* * * LOW HITPOINT WARNING * * *
The troll claws you but does no damage. You block the troll's attack.
You sock the troll!
The troll is severely wounded.
The troll bites you!
You die...

##.#
#..#############
#..##..........#
#..##.........T#
#..##........>@#
#..##..........#
#..##..........#
#..##..........#
#..##..........#
#...#..........#
#.#............#
#.##..##..####.#
#.###....## #...


You could see a troll.

Vanquished Creatures
  Grinder (D:4)
  A sky beast (D:5)
  An ice beast (D:5)
  A centaur (D:5)
  A big kobold (D:3)
  A bullfrog (D:4)
  2 hounds (D:5)
  5 orc priests
  2 orc wizards (D:5)
  2 bullfrog skeletons
  Jessica (D:2)
  2 iguanas
  4 worker ants
  Robin (D:2)
  A worker ant zombie (D:6)
  A howler monkey skeleton (D:4)
  4 adders
  An ooze (D:3)
  4 worms
  8 dart slugs
  3 leopard geckos
  18 orcs
  7 giant cockroaches
  12 goblins
  14 hobgoblins
  10 jackals
  13 kobolds
  4 quokkas
  5 ball pythons
  9 bats
  11 frilled lizards
  A jackal skeleton (D:5)
  A leopard gecko skeleton (D:5)
  A leopard gecko zombie (D:5)
  A quokka skeleton (D:4)
  A quokka zombie (D:4)
  9 rats
164 creatures vanquished.

Notes
Turn   | Place    | Note
-------+----------+-------------------------------------------
     0 | D:1      | Delamore the Gargoyle Fighter began the quest for the Orb.
     0 | D:1      | Reached XP level 1. HP: 14/14 MP: 1/1
    69 | D:1      | Reached XP level 2. HP: 19/19 MP: 2/2
   323 | D:1      | Reached skill level 3 in Maces & Flails
   452 | D:1      | Reached XP level 3. HP: 19/23 MP: 3/3
   775 | D:2      | Noticed Robin
   788 | D:2      | Killed Robin
   788 | D:2      | Reached skill level 4 in Maces & Flails
   800 | D:2      | Reached XP level 4. HP: 20/28 MP: 4/4
  1283 | D:2      | Noticed Jessica
  1287 | D:2      | Killed Jessica
  1287 | D:2      | Reached skill level 5 in Maces & Flails
  1287 | D:2      | Reached XP level 5. HP: 32/32 MP: 5/5
  1643 | D:3      | Noticed a big kobold
  1664 | D:3      | Killed a big kobold
  1664 | D:3      | Reached skill level 6 in Maces & Flails
  1706 | D:3      | Reached XP level 6. HP: 37/37 MP: 6/6
  1987 | D:4      | Noticed Grinder
  2000 | D:4      | Paralysed by Grinder for 7 turns
  2007 | D:4      | Killed Grinder
  2007 | D:4      | Reached skill level 7 in Maces & Flails
  2022 | D:4      | Reached XP level 7. HP: 39/41 MP: 7/7
  2119 | D:4      | Found a staircase to the Ecumenical Temple.
  2160 | Temple   | Entered the Ecumenical Temple
  2318 | Temple   | Became a worshipper of Warmaster Okawaru
  2556 | D:4      | Reached skill level 8 in Maces & Flails
  2896 | D:5      | Entered Level 5 of the Dungeon
  2983 | D:5      | Found a glowing drain.
  2991 | Sewer    | Entered a sewer
  3742 | D:5      | Found a blossoming altar of Fedhas.
  3802 | D:5      | Reached * piety under Okawaru
  3802 | D:5      | Reached skill level 9 in Maces & Flails
  3802 | D:5      | Reached XP level 8. HP: 46/46 MP: 8/8
  4204 | D:5      | Reached skill level 10 in Maces & Flails
  4281 | D:5      | Found Nefas's Antique Weapon Shoppe.
  4404 | D:6      | Noticed a troll
  4485 | D:6      | Slain by a troll

Illustrated notes

Levels and vault maps discovered:
D:1:      psy_arrival_fountain, layout_basic
D:2:      layout_loops_ring, kennysheep_generic_room_10, uniq_robin,
          uniq_jessica
D:3:      layout_rooms
D:4:      layout_layer_cave, minmay_temple_entry_junction, first_ration,
          uniq_grinder
D:5:      minmay_skewed_foursquare, layout_loops_ring, serial_shops,
          kennysheep_little_box, gup_sewer_entry_bubbles, fedhas_altar_1
D:6:      layout_rooms, tso_altar, uniq_edmund, uniq_sigmund
Temple:   kilobyte_greek_temple

Skill      XL: |  1  2  3  4  5  6  7  8 |
---------------+-------------------------+-----
Maces & Flails | 3 4 5 6 7 9 10 | 10.3
Fighting       | |  3.2
Armour         | |  3.2
Shields        | |  3.2

Action                   |  1- 3 |  4- 6 |  7- 9 || total
-------------------------+-------+-------+-------++-------
Melee: Flail             |   110 |   173 |   364 ||   647
Throw: Dart              |       |     4 |       ||     4
  Use: Potion            |       |       |     1 ||     1
  Eat: Chunk             |       |     4 |     9 ||    13
Armor: Scale mail        |    34 |       |       ||    34
       Chain mail        |    22 |   119 |   245 ||   386
Dodge: Dodged            |    30 |    35 |    71 ||   136
Block: Kite shield       |    42 |    90 |   207 ||   339
